 Dungeon Crawl Stone Soup version 0.26-a0-739-gf55cbd344a (webtiles) character file.

Game seed: 12035019268344500749

8711 mhtbhm the Cleaver (level 11, -6/97 HPs)
             Began as a Minotaur Berserker on Nov 5, 2020.
             Was a High Priest of Trog.
             Mangled by a two-headed ogre
             ... wielding a +0 giant club
              (20 damage)
             ... on level 11 of the Dungeon.
             The game lasted 00:17:37 (11397 turns).

mhtbhm the Cleaver (Minotaur Berserker)            Turns: 11397, Time: 00:17:38

Health: -6/97      AC: 15    Str: 25    XL:     11   Next: 13%
Magic:  10/10      EV:  9    Int:  4    God:    Trog [*****.]
Gold:   404        SH: 11    Dex: 10    Spells: 10/10 levels left

rFire    . . .     SeeInvis .   a - +0 hand axe
rCold    . . .     Faith    .   c - +0 kite shield
rNeg     . . .     Spirit   .   b - +0 chain mail
rPois    .         Reflect  .   (helmet restricted)
rElec    .         Harm     .   l - +2 cloak
rCorr    +         Rampage  .   (no gloves)
MR       .....                  (no boots)
Stlth    ..........             (no amulet)
HPRegen  0.26/turn              n - ring of resist corrosion
MPRegen  0.12/turn              (no ring)

@: berserk cooldown, slowed, very slow
A: retaliatory headbutt, horns 2
a: Berserk, Trog's Hand, Brothers in Arms, Renounce Religion


You were on level 11 of the Dungeon.
You worshipped Trog.
Trog was extremely pleased with you.
You visited 1 branch of the dungeon, and saw 11 of its levels.
You also visited: Ossuary.

You collected 629 gold pieces.
You spent 225 gold pieces at shops.

Inventory:

Hand Weapons
 a - a +0 hand axe (weapon)
 D - a +6 long sword of holy wrath
Missiles
 C - 2 throwing nets (quivered)
Armour
 b - a +0 chain mail (worn)
 c - a +0 kite shield (worn)
 l - a +2 cloak (worn)
Jewellery
 n - a ring of resist corrosion (left hand)
Wands
 r - a wand of iceblast (34)
 s - a wand of random effects (45)
 t - a wand of flame (33)
 u - a wand of disintegration (8)
 x - a wand of digging (8)
 y - a wand of paralysis (11)
 E - a wand of polymorph (27)
 F - a wand of acid (7)
Scrolls
 d - 5 scrolls of teleportation
 j - 5 scrolls of immolation
 k - 2 scrolls of fear
 m - 2 scrolls of fog
 o - 3 scrolls of remove curse
 p - 5 scrolls of identify
 w - a scroll of summoning {unknown}
 H - a scroll of magic mapping {unknown}
Potions
 e - 4 potions of might
 f - 3 potions of attraction
 g - a potion of haste
 h - a potion of heal wounds
 i - a potion of cancellation
 q - 5 potions of flight
 v - 2 potions of curing
 z - a potion of mutation {unknown}
 A - a potion of resistance {unknown}
 G - a potion of invisibility {unknown}


   Skills:
 + Level 9.3 Fighting
 + Level 13.2 Axes
 + Level 9.8 Armour
 + Level 4.6 Dodging
 + Level 1.2 Stealth
 + Level 8.2 Shields
 + Level 0.9 Evocations


You had 10 spell levels left.
You didn't know any spells.
Your spell library was empty.

Dungeon Overview and Level Annotations

Branches:
Dungeon (11/15)            Temple (0/1) D:4             Orc (0/2) D:10
Ossuary (visited)
   Lair: D:8-11

Altars:
Ashenzari
Kikubaaqudgha
Qazlal
Sif Muna
Trog
Zin

Shops:
D:7 [


Innate Abilities, Weirdness & Mutations

You reflexively headbutt those who attack you in melee.
You have a pair of horns on your head.


Message History

The two-headed ogre hits you with a +0 giant spiked club!!
You hit the two-headed ogre but do no damage.
The two-headed ogre is moderately wounded.
You block the two-headed ogre's attack. The two-headed ogre barely misses you.
You hit the two-headed ogre but do no damage.
You headbutt the two-headed ogre.
The two-headed ogre is moderately wounded.
The two-headed ogre closely misses you. The two-headed ogre barely misses you.
You hit the two-headed ogre. You headbutt the two-headed ogre.
The two-headed ogre is heavily wounded.
You block the two-headed ogre's attack.
The two-headed ogre hits you with a +0 giant spiked club!!
* * * LOW HITPOINT WARNING * * *
You slash the two-headed ogre!
Your headbutt misses the two-headed ogre.
The two-headed ogre is heavily wounded.
You hit the two-headed ogre.
The two-headed ogre is severely wounded.
The two-headed ogre hits you with a +0 giant club!!
You die...

$..# #..# #..# #[.#...#
#..#...# #!.#...#
#O.#...# #@.#...# #.
#..#...# #..
#..#...#.......
#./####......#........
#........##..#........
#.......<##..#........
###........##..#.......>
...........##..#........
.........(.##.<#........


You could see a two-headed ogre.

Vanquished Creatures
  Snorg (D:10)
  Harold (D:8)
  2 unseen horrors
  An ugly thing (D:9)
  2 trolls (D:10)
  Sigmund (D:6)
  A wyvern (D:10)
  Grum (D:9)
  An ice beast (D:8)
  4 orc warriors
  A sky beast (D:5)
  A black bear (D:8)
  6 ogres
  3 phantoms
  3 wolves (D:9)
  A necrophage (D:7)
  8 centaurs
  5 elf zombies
  4 bullfrogs
  2 scorpions (D:6)
  3 wights (D:10)
  A howler monkey (D:4)
  4 centaur zombies
  4 hounds
  4 jellies
  A quasit (D:5)
  A centaur skeleton (D:6)
  A human zombie (D:5)
  4 orc priests
  8 orc wizards
  2 iguanas
  3 human skeletons (D:5)
  9 worker ants
  A big kobold zombie (Ossuary)
  A hound zombie (Ossuary)
  2 hound skeletons
  3 mummies (Ossuary)
  A howler monkey zombie (D:5)
  11 adders
  4 white imps
  2 ufetubi
  2 oozes
  3 adder skeletons
  6 adder zombies (Ossuary)
  3 worms
  A dart slug (D:1)
  5 leopard geckos
  33 orcs
  2 ball pythons
  6 giant cockroaches
  2 gnoll zombies (Ossuary)
  5 goblins
  5 hobgoblins
  10 jackals
  5 quokkas
  4 bats
  5 frilled lizards
  2 goblin zombies (Ossuary)
  4 hobgoblin zombies (Ossuary)
  4 jackal zombies (Ossuary)
  5 kobolds
  A kobold zombie (Ossuary)
  A leopard gecko skeleton (D:8)
  3 orc skeletons (D:5)
  3 orc zombies
  3 quokka zombies (Ossuary)
  5 rats
  5 rat zombies (Ossuary)
252 creatures vanquished.

Vanquished Creatures (collateral kills)
  2 orc warriors (D:10)
  An orc priest (D:10)
  2 orc wizards (D:10)
  An orc (D:10)
6 creatures vanquished.

Grand Total: 258 creatures vanquished

Notes
Turn   | Place    | Note
-------+----------+-------------------------------------------
     0 | D:1      | mhtbhm the Minotaur Berserker began the quest for the Orb.
     0 | D:1      | Reached XP level 1. HP: 19/19 MP: 0/0
   105 | D:1      | Reached skill level 4 in Axes
   105 | D:1      | Reached XP level 2. HP: 19/27 MP: 1/1
   545 | D:2      | Reached XP level 3. HP: 34/34 MP: 2/2
   658 | D:2      | Reached ** piety under Trog
  1014 | D:2      | Found a broken altar of Ashenzari.
  1136 | D:2      | Reached XP level 4. HP: 39/41 MP: 3/3
  1537 | D:3      | Reached skill level 5 in Axes
  1772 | D:3      | Reached skill level 1 in Shields
  2134 | D:4      | Found a stormy altar of Qazlal.
  2134 | D:4      | Found a glowing silver altar of Zin.
  2233 | D:4      | Noticed an ogre
  2234 | D:4      | Found a staircase to the Ecumenical Temple.
  2243 | D:4      | Reached XP level 5. HP: 34/47 MP: 4/4
  2244 | D:4      | Killed an ogre
  2733 | D:4      | Reached skill level 5 in Fighting
  2733 | D:4      | Reached skill level 6 in Axes
  2733 | D:4      | Reached XP level 6. HP: 48/56 MP: 5/5
  3386 | D:5      | Entered Level 5 of the Dungeon
  3398 | D:5      | Found an ancient bone altar of Kikubaaqudgha.
  3573 | D:5      | Reached XP level 7. HP: 61/61 MP: 6/6
  3593 | D:5      | Reached *** piety under Trog
  3654 | D:5      | Reached skill level 7 in Axes
  3942 | D:5      | Found a sand-covered staircase.
  3995 | Ossuary  | Entered an ossuary
  4148 | Ossuary  | Reached skill level 8 in Axes
  4217 | Ossuary  | Reached XP level 8. HP: 70/70 MP: 7/7
  4221 | Ossuary  | Reached **** piety under Trog
  4295 | Ossuary  | Reached skill level 5 in Armour
  4506 | D:5      | Reached skill level 9 in Axes
  4566 | D:5      | Found a bloodstained altar of Trog.
  5468 | D:6      | Found a shimmering blue altar of Sif Muna.
  5468 | D:6      | Found a bloodstained altar of Trog.
  5724 | D:6      | Reached skill level 5 in Shields
  5727 | D:6      | Reached XP level 9. HP: 79/79 MP: 8/8
  5728 | D:6      | Reached skill level 10 in Axes
  5797 | D:6      | Noticed Sigmund
  5808 | D:6      | Killed Sigmund
  5810 | D:6      | Reached ***** piety under Trog
  6301 | D:7      | Found Maocu's Antique Armour Boutique.
  6402 | D:7      | Bought a glowing kite shield for 225 gold pieces
  6906 | D:8      | Reached skill level 11 in Axes
  7330 | D:8      | Noticed Harold
  7350 | D:8      | Killed Harold
  7350 | D:8      | Reached skill level 12 in Axes
  7350 | D:8      | Reached XP level 10. HP: 64/89 MP: 9/9
  7551 | D:9      | Noticed Grum
  7572 | D:9      | Killed Grum
  7903 | D:9      | Noticed a green ugly thing
  7921 | D:9      | Killed a green ugly thing
  8743 | D:9      | You fall into a shaft and drop 1 floor!
  8743 | D:10     | Entered Level 10 of the Dungeon
  8878 | D:10     | Killed an unseen horror
  8878 | D:10     | Reached skill level 1 in Stealth
  9586 | D:10     | Found a staircase to the Orcish Mines.
  9630 | D:10     | Noticed Snorg
  9647 | D:10     | Killed Snorg
 10047 | D:10     | Reached XP level 11. HP: 43/97 MP: 10/10
 10606 | D:10     | Reached skill level 13 in Axes
 11366 | D:11     | Killed an unseen horror
 11386 | D:11     | Noticed a two-headed ogre
 11397 | D:11     | Mangled by a two-headed ogre

Illustrated notes

Levels and vault maps discovered:
D:1:      dpeg_arrival_houses_and_road, layout_rooms, minmay_cut_off
D:2:      layout_loops_ring, ashenzari_altar_1, minmay_fractal_squares_gapless_5
D:3:      layout_loops_corners, minivault_14
D:4:      layout_gridville, gammafunk_temple_overflow_elements,
          minmay_temple_entry_slanted
D:5:      layout_basic, lemuel_crystal_altar, nicolae_ossuary_entry_catacombs,
          trog_butcher_becter
D:6:      minmay_recursive_quarters, layout_cave_pools,
          gammafunk_temple_overflow_pools, minmay_circle_x, uniq_sigmund
D:7:      layout_gridville, serial_shops, nicolae_shop_waterfront, serial_glass,
          glass_columns_c, glass_columns_b
D:8:      layout_rooms, serial_curves, eino_curves_01, eino_curves_04,
          eino_curves_01, uniq_harold
D:9:      layout_irregular_city, uniq_grum
D:10:     layout_stronghold, david_orc_4, uniq_snorg
D:11:     minmay_bloctagon_deflated, layout_long_grid,
          grunt_lair_entry_orc_guard_hut

Skill      XL: |  1  2  3  4  5  6  7  8  9 10 11 |
---------------+----------------------------------+-----
Fighting       | 4 5 6 7 8 9 |  9.3
Axes           | 4 5 6 8 9 12 13 | 13.2
Armour         | 3 4 6 7 9 |  9.8
Shields        | 1 2 3 5 6 7 8 |  8.2
Dodging        | 3 4 |  4.6
Stealth        | 1 |  1.2
Evocations     | |  0.9

Action                   |  1- 3 |  4- 6 |  7- 9 | 10-12 || total
-------------------------+-------+-------+-------+-------++-------
Melee: Hand axe          |    69 |   158 |   414 |   235 ||   876
       Headbutt          |    11 |    23 |    90 |    57 ||   181
Invok: Berserk           |       |     2 |     5 |     6 ||    13
       Brothers in Arms  |       |       |       |     1 ||     1
Evoke: Wand              |       |       |     3 |       ||     3
  Use: Scroll            |       |    10 |    10 |     1 ||    21
       Potion            |       |       |       |     1 ||     1
Armor: Chain mail        |    30 |    70 |   196 |    98 ||   394
Dodge: Dodged            |    11 |    32 |    93 |    61 ||   197
Block: Kite shield       |    25 |    65 |   162 |   107 ||   359

Table legend: (Time is in decaauts)
 A = Elapsed time spent in this place.
 B = Non-inter-level travel time spent in this place.
 C = Inter-level travel time spent in this place.
 D = Time resting spent in this place.
 E = Time spent auto-exploring this place.
 F = Levels seen in this place.
 G = Mean time per level.
                   A        B        C        D        E       F      G
               +--------+--------+--------+--------+--------+-----+--------+
         Total |  11439 |  11381 |     58 |   3314 |   5331 |  12 |  953.2 |
       Dungeon |  10976 |  10918 |     58 |   3203 |   5193 |  11 |  997.8 |
       Ossuary |    463 |    463 |      0 |    110 |    138 |   1 |  463.0 |
               +--------+--------+--------+--------+--------+-----+--------+

Top non-repeatable levels by time:
    D:10: 2389 daAuts
     D:9: 1344 daAuts
     D:5: 1334 daAuts
     D:4: 1297 daAuts
     D:6: 999 daAuts
     D:3: 881 daAuts
     D:8: 714 daAuts
     D:2: 707 daAuts
     D:7: 674 daAuts
     D:1: 538 daAuts
 Ossuary: 463 daAuts
    D:11: 95 daAuts
